 Dungeon Crawl Stone Soup version 0.29.0-4-gdea44cf6ec (webtiles) character file.

Game seed: 2507316038742766463

1136 qw the Cleaver (level 8, 0/74 HPs)
             Began as a Minotaur Fighter on Sept 5, 2022.
             Was an Initiate of Ru.
             Succumbed to an orc wizard's poison
             ... on level 5 of the Dungeon.
             The game lasted 00:02:05 (5163 turns).

qw the Cleaver (Minotaur Fighter)                   Turns: 5163, Time: 00:02:06

Health: 0/74       AC: 11    Str: 24    XL:     8   Next: 14%
Magic:  7/7        EV:  6    Int:  5    God:    Ru [......]
Gold:   316        SH:  4    Dex:  9    Spells: 7/7 levels left

rFire   . . .      SeeInvis .   Y - +1 war axe
rCold   . . .      Faith    .   c - +0 buckler
rNeg    . . .      Spirit   .   j - +0 plate armour
rPois   .          Reflect  .   (helmet restricted)
rElec   .          Harm     .   (no cloak)
rCorr   .          Rampage  .   (no gloves)
Will    .....                   (no boots)
Stlth   ..........              (no amulet)
HPRegen 0.22/turn               (no ring)
MPRegen 0.10/turn               (no ring)

@: lethally poisoned (0 -> -5)
A: horns 2, retaliatory headbutt
a: Renounce Religion


You were on level 5 of the Dungeon.
You worshipped Ru.
Ru was noncommittal.
You visited 1 branch of the dungeon, and saw 5 of its levels.

You collected 316 gold pieces.


Innate Abilities, Weirdness & Mutations

You have a pair of horns on your head.
You reflexively headbutt those who attack you in melee.


   Skills:
 - Level 8.0 Fighting
 + Level 9.3 Axes
 - Level 3.6 Armour
 - Level 1.0 Dodging
 - Level 3.6 Shields


You had 7 spell levels left.
You didn't know any spells.
Your spell library was empty.

Inventory:

Hand Weapons
 m - a +0 flail
 Y - a +1 war axe (weapon)
Missiles
 n - 2 boomerangs (quivered)
Armour
 c - a +0 buckler (worn)
 j - a +0 plate armour (worn)
Scrolls
 a - a scroll of identify
Potions
 d - 3 potions of might
 e - a potion of curing
 g - a potion of ambrosia {unknown}
 h - a potion of flight {unknown}
 l - a potion of resistance

Dungeon Overview and Level Annotations

Branches:
Dungeon (5/15)
 Temple: D:4-7

Altars:
Fedhas
Kikubaaqudgha
Ru
Zin

Annotations:
D:4 1 runed translucent door, qw's ghost, amateur GrBe


Message History

The orc priest looks satisfied for a moment.
Something hits you but does no damage.
You are more poisoned.
The orc wizard hits you but does no damage.
You slash the orc wizard!
The orc wizard is severely wounded.
You hit something.
You feel very sick. Something hits you but does no damage.
You are more poisoned.
The orc wizard gestures at you while chanting.
The puff of flame hits you but does no damage.
You slash the orc wizard!
You kill the orc wizard!
You hit something.
You feel very sick.
You hear some strange, mumbled words.
Something tries to affect you, but you resist.
You feel very sick.
The orc priest invokes the aid of Beogh against you.
Beogh smites you! Something hits you but does no damage.
Things that are here:
a +0 dagger; a +0 robe; an orc corpse You feel very sick.
The orc priest hits you but does no damage.
You hit the orc priest. Your headbutt misses the orc priest.
The orc priest is moderately wounded.
You slash something!
Reactivating autopickup.
You feel a bit more experienced.
You feel very sick.
The orc priest mumbles some strange prayers to Beogh against you.
Pain shoots through your body!
You hit the orc priest but do no damage.
The orc priest is moderately wounded.
You feel sick.
The orc priest hits you but does no damage.
You barely miss the orc priest. Your headbutt misses the orc priest.
The orc priest is moderately wounded.
You die...

######### .# #.......# #.#
#.#####.# #.# #.# #.#
#.#.#.# #.# #[#.#.# #.#
#########.#.#.# #.#
..........#.#.#####.#
......o@).#.#.#.....#
#########.#.#.#.../.#
#.#.#.#.....#
#..%..+.....#
###########.#.#....###
#...........#..........
###'####################.#
#......# #......#
#############


You could see an orc priest.

Vanquished Creatures
  Pikel (D:4)
  Eustachio (D:3)
  4 lemures (D:4)
  A scorpion (D:5)
  2 hounds
  An orc priest (D:3)
  A jelly (D:4)
  An iguana (D:4)
  4 orc wizards
  Robin (D:3)
  6 adders
  2 river rats (D:4)
  3 worms
  4 dart slugs
  7 orcs
  8 ball pythons
  7 endoplasms
  2 giant cockroaches
  10 goblins
  12 hobgoblins
  6 quokkas
  A bat (D:1)
  3 frilled lizards (D:1)
  9 kobolds
  11 rats
108 creatures vanquished.

Notes
Turn   | Place    | Note
-------+----------+-------------------------------------------
     0 | D:1      | qw the Minotaur Fighter began the quest for the Orb.
     0 | D:1      | Reached XP level 1. HP: 19/19 MP: 0/0
     0 | D:1      | 0 ||| qw: Version: 0.1-a-104-g96f76f8
     0 | D:1      | 0 ||| qw: Game counter: 5895
     0 | D:1      | 0 ||| qw: Always use a shield: true
     0 | D:1      | 0 ||| qw: God list: Ru
     0 | D:1      | 0 ||| qw: Allow faded altars: false
     0 | D:1      | 0 ||| qw: Do Orc after D:15 true
     0 | D:1      | 0 ||| qw: Do second Lair branch before Depths: true
     0 | D:1      | 0 ||| qw: Lair rune preference: random
     0 | D:1      | 0 ||| qw: Plans: Normal
     0 | D:1      | 0 ||| PLANNING D:1-11
    14 | D:1      | You fall into a shaft and drop 1 floor!
    25 | D:2      | Found a blossoming altar of Fedhas.
   158 | D:2      | Reached skill level 3 in Axes
   159 | D:2      | 159 ||| READING scroll labelled NESAD BAMUPSY.
   160 | D:2      | 160 ||| READING scroll labelled RYDEMI LARI.
   162 | D:2      | Found a faded altar of an unknown god.
   177 | D:1      | 177 ||| Stepping ~*~*~tactically~*~*~ (hiding).
   184 | D:1      | Reached XP level 2. HP: 26/26 MP: 1/1
   328 | D:1      | 328 ||| DROPPING +0 club.
   393 | D:1      | 393 ||| Stepping ~*~*~tactically~*~*~ (stealth).
   408 | D:1      | Reached skill level 4 in Axes
   501 | D:1      | Reached XP level 3. HP: 31/31 MP: 2/2
   567 | D:1      | 567 ||| Stepping ~*~*~tactically~*~*~ (stealth).
   857 | D:1      | 857 ||| READING 2 scrolls labelled TAPTYX WYOM.
   858 | D:1      | 858 ||| READING 2 scrolls labelled YKIOV BICIFY.
   863 | D:1      | 863 ||| READING scroll labelled QIEHEW AWKITWI.
   864 | D:1      | 864 ||| READING scroll labelled VEYPAR WYQEQAMM.
   865 | D:1      | 865 ||| READING scroll labelled PYPRIY ZUIMIE.
   866 | D:1      | 866 ||| READING scroll of teleportation.
   951 | D:2      | 951 ||| Stepping ~*~*~tactically~*~*~ (stealth).
   952 | D:2      | 952 ||| Stepping ~*~*~tactically~*~*~ (stealth).
   972 | D:2      | 972 ||| FLEEEEING.
   973 | D:2      | 973 ||| FLEEEEING.
   974 | D:2      | 974 ||| FLEEEEING.
   975 | D:2      | 975 ||| FLEEEEING.
  1123 | D:2      | Reached skill level 5 in Axes
  1123 | D:2      | 1123 ||| FLEEEEING.
  1124 | D:2      | 1124 ||| FLEEEEING.
  1125 | D:2      | 1125 ||| FLEEEEING.
  1126 | D:2      | 1126 ||| FLEEEEING.
  1127 | D:2      | 1127 ||| FLEEEEING.
  1128 | D:2      | 1128 ||| FLEEEEING.
  1129 | D:2      | 1129 ||| FLEEEEING.
  1130 | D:2      | 1130 ||| FLEEEEING.
  1131 | D:2      | 1131 ||| FLEEEEING.
  1132 | D:2      | 1132 ||| FLEEEEING.
  1133 | D:2      | 1133 ||| FLEEEEING.
  1134 | D:2      | 1134 ||| FLEEEEING.
  1135 | D:2      | 1135 ||| FLEEEEING.
  1136 | D:2      | 1136 ||| FLEEEEING.
  1137 | D:2      | 1137 ||| FLEEEEING.
  1138 | D:2      | 1138 ||| FLEEEEING.
  1139 | D:2      | 1139 ||| FLEEEEING.
  1140 | D:2      | 1140 ||| FLEEEEING.
  1141 | D:2      | 1141 ||| FLEEEEING.
  1142 | D:2      | 1142 ||| FLEEEEING.
  1143 | D:2      | 1143 ||| FLEEEEING.
  1144 | D:2      | 1144 ||| FLEEEEING.
  1145 | D:2      | 1145 ||| FLEEEEING.
  1146 | D:2      | 1146 ||| FLEEEEING.
  1147 | D:2      | 1147 ||| FLEEEEING.
  1148 | D:2      | 1148 ||| FLEEEEING.
  1149 | D:2      | 1149 ||| FLEEEEING.
  1150 | D:2      | 1150 ||| FLEEEEING.
  1151 | D:2      | 1151 ||| FLEEEEING.
  1152 | D:2      | 1152 ||| FLEEEEING.
  1153 | D:2      | 1153 ||| FLEEEEING.
  1154 | D:2      | 1154 ||| FLEEEEING.
  1155 | D:2      | 1155 ||| FLEEEEING.
  1156 | D:2      | 1156 ||| FLEEEEING.
  1157 | D:2      | 1157 ||| FLEEEEING.
  1158 | D:2      | 1158 ||| FLEEEEING.
  1159 | D:2      | 1159 ||| FLEEEEING.
  1160 | D:2      | 1160 ||| FLEEEEING.
  1161 | D:2      | 1161 ||| STAIRDANCE
  1256 | D:1      | 1256 ||| READING 2 scrolls of identify.
  1256 | D:1      | 1256 ||| IDENTIFYING clear potion
  1257 | D:1      | 1257 ||| DROPPING potion of attraction.
  1263 | D:2      | 1263 ||| STAIRDANCE
  1818 | D:2      | 1818 ||| READING 2 scrolls of identify.
  1818 | D:2      | 1818 ||| IDENTIFYING black potion
  1929 | D:3      | 1929 ||| Stepping ~*~*~tactically~*~*~ (stealth).
  1935 | D:3      | 1935 ||| Stepping ~*~*~tactically~*~*~ (stealth).
  1937 | D:3      | 1937 ||| Stepping ~*~*~tactically~*~*~ (stealth).
  2031 | D:3      | Reached skill level 1 in Dodging
  2036 | D:3      | Reached XP level 4. HP: 39/39 MP: 3/3
  2080 | D:3      | 2080 ||| Stepping ~*~*~tactically~*~*~ (stealth).
  2081 | D:3      | Noticed Robin
  2082 | D:3      | 2082 ||| Stepping ~*~*~tactically~*~*~ (hiding).
  2093 | D:3      | Killed Robin
  2228 | D:3      | 2228 ||| DROPPING +0 whip.
  2229 | D:3      | 2229 ||| Stepping ~*~*~tactically~*~*~ (stealth).
  2275 | D:3      | Reached skill level 6 in Axes
  2426 | D:3      | Reached XP level 5. HP: 45/45 MP: 4/4
  3044 | D:3      | 3044 ||| DROPPING ring of magical power.
  3045 | D:3      | 3045 ||| READING scroll labelled FUYTUM BACOR.
  3046 | D:3      | 3046 ||| DRINKING 2 lumpy purple potions.
  3047 | D:3      | 3047 ||| DRINKING 2 dark potions.
  3073 | D:3      | 3073 ||| DRINKING 2 smoky orange potions.
  3074 | D:3      | 3074 ||| DROPPING potion of lignification.
  3120 | D:4      | 3120 ||| PLANNING SEWER
  3174 | D:4      | Found a runed translucent door.
  3180 | D:4      | Noticed qw's ghost (amateur GrBe)
  3407 | D:4      | Noticed a lemure
  3408 | D:4      | Noticed a lemure
  3409 | D:4      | 3409 ||| Stepping ~*~*~tactically~*~*~ (stealth).
  3410 | D:4      | 3410 ||| Stepping ~*~*~tactically~*~*~ (stealth).
  3412 | D:4      | Noticed a lemure
  3416 | D:4      | 3416 ||| Stepping ~*~*~tactically~*~*~ (stealth).
  3418 | D:4      | Killed a lemure
  3421 | D:4      | 3421 ||| Stepping ~*~*~tactically~*~*~ (stealth).
  3423 | D:4      | Killed a lemure
  3424 | D:4      | Killed a lemure
  3448 | D:4      | Noticed a lemure
  3449 | D:4      | 3449 ||| FLEEEEING.
  3450 | D:4      | 3450 ||| FLEEEEING.
  3450 | D:4      | Noticed Pikel
  3451 | D:4      | 3451 ||| FLEEEEING.
  3452 | D:4      | 3452 ||| FLEEEEING.
  3453 | D:4      | 3453 ||| FLEEEEING.
  3454 | D:4      | 3454 ||| FLEEEEING.
  3455 | D:4      | 3455 ||| FLEEEEING.
  3456 | D:4      | 3456 ||| FLEEEEING.
  3457 | D:4      | 3457 ||| FLEEEEING.
  3458 | D:4      | 3458 ||| FLEEEEING.
  3459 | D:4      | 3459 ||| FLEEEEING.
  3460 | D:4      | 3460 ||| FLEEEEING.
  3461 | D:4      | 3461 ||| FLEEEEING.
  3462 | D:4      | 3462 ||| FLEEEEING.
  3463 | D:4      | 3463 ||| FLEEEEING.
  3465 | D:4      | 3465 ||| FLEEEEING.
  3466 | D:4      | 3466 ||| FLEEEEING.
  3467 | D:4      | 3467 ||| FLEEEEING.
  3468 | D:4      | 3468 ||| FLEEEEING.
  3469 | D:4      | 3469 ||| FLEEEEING.
  3470 | D:4      | 3470 ||| FLEEEEING.
  3471 | D:4      | 3471 ||| FLEEEEING.
  3472 | D:4      | 3472 ||| FLEEEEING.
  3473 | D:4      | 3473 ||| FLEEEEING.
  3474 | D:4      | 3474 ||| FLEEEEING.
  3475 | D:4      | 3475 ||| FLEEEEING.
  3476 | D:4      | 3476 ||| FLEEEEING.
  3477 | D:4      | 3477 ||| FLEEEEING.
  3478 | D:4      | 3478 ||| FLEEEEING.
  3479 | D:4      | 3479 ||| FLEEEEING.
  3480 | D:4      | 3480 ||| FLEEEEING.
  3481 | D:4      | 3481 ||| FLEEEEING.
  3483 | D:4      | 3483 ||| FLEEEEING.
  3484 | D:4      | 3484 ||| FLEEEEING.
  3485 | D:4      | 3485 ||| FLEEEEING.
  3486 | D:4      | 3486 ||| FLEEEEING.
  3488 | D:4      | 3488 ||| FLEEEEING.
  3489 | D:4      | 3489 ||| STAIRDANCE
  3554 | D:3      | 3554 ||| READING scroll labelled XOFUSH JYKIA.
  3559 | D:4      | Killed a lemure
  3573 | D:4      | Reached skill level 7 in Axes
  3631 | D:4      | Found a sacrificial altar of Ru.
  3639 | D:4      | Became a worshipper of Ru the Awakened
  3670 | D:4      | Found an ancient bone altar of Kikubaaqudgha.
  3683 | D:4      | Noticed Eustachio
  3693 | D:4      | HP: 11/46 [Eustachio/+0 rapier (5)]
  3694 | D:4      | 3694 ||| READING scroll of teleportation.
  3695 | D:4      | 3695 ||| DRINKING potion of heal wounds.
  3757 | D:4      | 3757 ||| FLEEEEING.
  3758 | D:4      | 3758 ||| FLEEEEING.
  3897 | D:4      | 3897 ||| RIP SEWER
  3899 | D:4      | 3899 ||| PLANNING D:1-11
  4135 | D:4      | 4135 ||| Stepping ~*~*~tactically~*~*~ (stealth).
  4152 | D:4      | HP: 6/46 [Pikel/+0 whip of electrocution (7)]
  4153 | D:4      | Killed Pikel
  4154 | D:4      | Reached XP level 6. HP: 8/61 MP: 5/5
  4154 | D:4      | Reached XP level 7. HP: 9/68 MP: 6/6
  4241 | D:4      | 4241 ||| FLEEEEING.
  4242 | D:4      | 4242 ||| FLEEEEING.
  4244 | D:4      | 4244 ||| STAIRDANCE
  4434 | D:3      | 4434 ||| UPGRADING to +0 plate armour.
  4444 | D:3      | 4444 ||| DROPPING +0 scale mail.
  4447 | D:4      | 4447 ||| STAIRDANCE
  4456 | D:4      | 4456 ||| STAIRDANCE
  4510 | D:4      | 4510 ||| Stepping ~*~*~tactically~*~*~ (hiding).
  4511 | D:4      | 4511 ||| Stepping ~*~*~tactically~*~*~ (hiding).
  4512 | D:4      | 4512 ||| STAIRDANCE
  4523 | D:3      | Killed Eustachio
  4524 | D:3      | Reached skill level 8 in Axes
  4745 | D:4      | 4745 ||| Stepping ~*~*~tactically~*~*~ (stealth).
  4747 | D:4      | 4747 ||| Stepping ~*~*~tactically~*~*~ (stealth).
  4761 | D:4      | 4761 ||| Stepping ~*~*~tactically~*~*~ (hiding).
  4768 | D:4      | 4768 ||| Stepping ~*~*~tactically~*~*~ (hiding).
  4782 | D:4      | 4782 ||| Stepping ~*~*~tactically~*~*~ (stealth).
  4947 | D:4      | 4947 ||| Stepping randomly (stuck).
  4975 | D:5      | Entered Level 5 of the Dungeon
  5034 | D:5      | 5034 ||| Stepping ~*~*~tactically~*~*~ (stealth).
  5044 | D:5      | Reached XP level 8. HP: 74/74 MP: 7/7
  5047 | D:5      | Found a glowing silver altar of Zin.
  5093 | D:5      | Reached skill level 9 in Axes
  5148 | D:5      | 5148 ||| Stepping ~*~*~tactically~*~*~ (hiding).
  5160 | D:5      | HP: 17/74 [poisoned by an orc wizard]
  5161 | D:5      | HP: 3/74 [orc priest/nerve-wracking pain (11)]
  5162 | D:5      | HP: 1/74 [poisoned by an orc wizard]
  5163 | D:5      | Succumbed to an orc wizard's poison

Levels and vault maps discovered:
D:1:      minmay_arrival_cross, layout_rooms
D:2:      layout_basic, ebering_ecumenical_altar_abandoned, basic_altar
D:3:      layout_basic, minmay_ruptured, uniq_robin
D:4:      layout_basic, nicolae_kikubaaqudgha_miasma_corner,
          mainiacjoe_overflow_small_starburst, ebering_ghost_reflecting_pool,
          lightli_sewer_entry_pipes, uniq_eustachio, uniq_pikel
D:5:      layout_basic, nicolae_hepliaklqana_monster_ancestors, led_sif_pool,
          zin_statuary, mrwooster_statue_mirror, uniq_menkaure

Skill      XL: |  1  2  3  4  5  6  7  8 |
---------------+-------------------------+-----
Axes           | 3 4 5 6 7 8 9 |  9.3
Dodging        | 1 |  1.0
Fighting       | 8 |  8.0
Armour         | |  3.6
Shields        | |  3.6

Action                   |  1- 3 |  4- 6 |  7- 9 || total
-------------------------+-------+-------+-------++-------
Melee: War axe           |    87 |    83 |    79 ||   249
       Headbutt          |    10 |    14 |     8 ||    32
Throw: Boomerang         |       |    31 |    24 ||    55
  Use: Scroll            |    10 |     3 |       ||    13
       Potion            |       |     4 |       ||     4
 Stab: Distracted        |       |       |     1 ||     1
Armor: Scale mail        |    28 |    16 |       ||    44
       Plate armour      |       |       |    40 ||    40
Dodge: Dodged            |    23 |    35 |    12 ||    70
Block: Buckler           |    15 |     8 |    18 ||    41

Table legend:
 A = Non-vault XP
 B = Vault XP
 C = Vault XP percentage of total XP
 D = Non-vault monster count
 E = Vault monster count
 F = Vault count percentage of total count
                 A         B        C        D         E       F
            +---------+---------+-------+---------+---------+-------
      Total |     615 |    1008 |  62.1 |      81 |      23 |  22.1
            +---------+---------+-------+---------+---------+-------
        D:1 |      41 |       0 |   0.0 |      24 |       0 |   0.0
        D:2 |      45 |       0 |   0.0 |      18 |       0 |   0.0
        D:3 |      75 |     241 |  76.3 |      12 |      14 |  53.8
        D:4 |     256 |     767 |  75.0 |      23 |       9 |  28.1
        D:5 |     198 |       0 |   0.0 |       4 |       0 |   0.0
            +---------+---------+-------+---------+---------+-------
